 Dungeon Crawl Stone Soup version 0.14-a0-2400-gb2944a8 (webtiles) character file.

176 RedPan the Cudgeler (level 4, 0/28 HPs)
             Began as a Gargoyle Fighter on Feb 3, 2014.
             Slain by DasRunzen's ghost (3 damage)
             ... on Level 3 of the Dungeon.
             The game lasted 00:05:27 (1412 turns).

RedPan the Cudgeler (Gargoyle Fighter)              Turns: 1412, Time: 00:05:28

HP   0/28        AC 10     Str 20      XL: 4   Next: 51%
MP   4/4         EV  6     Int  9      God:
Gold 89          SH 18     Dex  9      Spells:  0 memorised,  3 levels left

rFire  . . .     SeeInvis .     a - +0 mace
rCold  . . .     Clarity  .     b - +0 scale mail
rNeg   + . .     Conserve .     c - +0 shield (curse)
rPois  +         rCorr    .     (no helmet)
rElec  +         rRot     +     (no cloak)
SustAb . .       Spirit   .     (no gloves)
rMut   .         Warding  .     (no boots)
Saprov . . .     Stasis   .     (no amulet)
MR     .....                    (no ring)
                                (no ring)

@: not resistant to hostile enchantments, extremely unstealthy
A: life protection 1, electricity resistance, unbreathing, petrification
resistance, AC +3
a: no special abilities


You were on level 3 of the Dungeon.
You were not hungry.

You visited 1 branch of the dungeon, and saw 3 of its levels.

You collected 89 gold pieces.

Inventory:

Hand weapons
 a - a +0,+0 mace (weapon)
Armour
 b - a +0 scale mail (worn)
 c - a cursed +0 shield (worn)
Comestibles
 d - 2 bread rations
 f - a pear
 w - a choko
 A - a rotting chunk of worm flesh
 B - 4 chunks of orc flesh
Scrolls
 k - a scroll of curse armour
 m - 2 scrolls of amnesia {unknown}
 n - a scroll of immolation {unknown}
 o - a scroll of teleportation {unknown}
 p - a scroll of remove curse {unknown}
 s - a scroll of enchant armour {unknown}
 t - a scroll of random uselessness {unknown}
 u - a scroll of identify
 v - a scroll of fog {unknown}
 x - a scroll of magic mapping {unknown}
 C - a scroll of blinking {unknown}
Jewellery
 q - an uncursed ring of protection from magic
 y - an uncursed ring of ice
Potions
 e - 3 potions of speed
 g - a potion of blood
 i - a potion of degeneration {unknown}
 j - 2 potions of mutation
 l - a potion of resistance {unknown}
 r - a potion of lignification {unknown}
 z - a potion of heal wounds {unknown}


   Skills:
 - Level 3.2 Fighting
 + Level 5.0 Maces & Flails
 - Level 3.2 Armour
 - Level 3.2 Shields


You had 3 spell levels left.
You didn't know any spells.

Dungeon Overview and Level Annotations

Branches:
Dungeon (3/16)

Altars:

Annotations:
D:3 DasRunzen's ghost, average TeHu


Innate Abilities, Weirdness & Mutations

You are resistant to torment.
You are immune to poison.
Your stone body is very resilient (AC +3).
You resist negative energy.
You are resistant to electric shocks.
You can survive without breathing.
You are immune to petrification.


Message History

You hit DasRunzen's ghost.
DasRunzen's ghost is severely damaged.
DasRunzen's ghost hits you but does no damage.
You closely miss DasRunzen's ghost.
DasRunzen's ghost is severely damaged.
You block DasRunzen's ghost's attack.
You hit DasRunzen's ghost.
DasRunzen's ghost is severely damaged.
You block DasRunzen's ghost's attack.
Drink which item? (? for menu, Esc to quit)
You feel better.
It was a potion of curing.
DasRunzen's ghost hits you. DasRunzen's ghost burns you.
Your shield prevents you from hitting DasRunzen's ghost.
DasRunzen's ghost is severely damaged.
DasRunzen's ghost hits you. DasRunzen's ghost burns you.
* * * LOW HITPOINT WARNING * * *
DasRunzen's ghost hits you.
* * * LOW HITPOINT WARNING * * *
DasRunzen's ghost burns you.
You die...

####..........#######
#...g.............
########..........
#..........# #..........#
##### #.........## #...#
#..........
##...#####...#......
#...@p..##...#.###### ...
#....##.##........... .....
#....##...........### .....
#....##...........#
.....###%...##..(........#
........#....##...........#
##...........##...........#
........(....##...........#
..............##...........#


You could see DasRunzen's ghost.

Vanquished Creatures
  2 adders
  An inept feature mimic (D:3)
  2 worms (D:2)
  A giant gecko (D:1)
  3 oozes
  2 orcs
  6 bats
  2 giant cockroaches (D:2)
  4 goblins
  3 hobgoblins
  A ball python (D:1)
  6 giant newts
  5 kobolds
  2 quokkas (D:2)
  6 rats
46 creatures vanquished.

Notes
Turn   | Place    | Note
--------------------------------------------------------------
     0 | D:1      | RedPan, the Gargoyle Fighter, began the quest for the Orb.
     0 | D:1      | Reached XP level 1. HP: 14/14 MP: 1/1
   193 | D:1      | Reached XP level 2. HP: 17/19 MP: 2/2
   582 | D:1      | Reached XP level 3. HP: 13/23 MP: 3/3
   668 | D:2      | Reached skill level 4 in Maces & Flails
  1160 | D:2      | Reached XP level 4. HP: 28/28 MP: 4/4
  1254 | D:3      | Noticed DasRunzen's ghost (average TeHu)
  1399 | D:3      | Reached skill level 5 in Maces & Flails
  1412 | D:3      | Slain by DasRunzen's ghost

Action                   |  1- 3 |  4- 6 || total
-------------------------+-------+-------++-------
Melee: Mace              |   173 |    46 ||   219
  Use: Scroll            |       |     2 ||     2
       Potion            |       |     1 ||     1
